 Dungeon Crawl Stone Soup version 0.29-a0-419-g77450f2105 (webtiles) character file.

Game seed: 11969576585799148815

7338 KhasaRR the Cruncher (level 10, -3/80 HPs)
             Began as a Demonspawn Chaos Knight on May 18, 2022.
             Was a Plaything of Xom.
             Slain by a komodo dragon (20 damage)
             ... on level 1 of the Lair of Beasts.
             The game lasted 00:42:18 (9240 turns).

KhasaRR the Cruncher (Demonspawn Chaos Knight)      Turns: 9240, Time: 00:42:19

Health: -3/80      AC: 11    Str: 21    XL:     10   Next: 91%
Magic:  15/15      EV: 15    Int: 17    God:    Xom [..*...]
Gold:   477        SH:  0    Dex: 14    Spells: 15/16 levels left

rFire   . . .      SeeInvis .   x - +2 quarterstaff (drain)
rCold   . . .      Faith    .   (shield currently unavailable)
rNeg    . . .      Spirit   .   M - +0 steam dragon scales
rPois   .          Reflect  .   (helmet restricted)
rElec   .          Harm     .   q - +0 cloak
rCorr   .          Rampage  .   h - +1 pair of gloves {Dex+3}
Will    .....                   (no boots)
Stlth   +.........              (no amulet)
HPRegen 0.23/turn               k - +6 ring of intelligence
MPRegen 0.14/turn               d - +6 ring of strength

@: hasted, very quick
A: thin metallic scales 1, demonic guardian 1, ignite blood 3, weakness stinger
1, horns 1, clumsy 1, dopey 1, screaming 1, weak 1, wild magic 1
a: Renounce Religion


You were on level 1 of the Lair of Beasts.
You worshipped Xom.
You were a toy of Xom.
You visited 2 branches of the dungeon, and saw 9 of its levels.

You collected 624 gold pieces.
You spent 147 gold pieces at shops.

Inventory:

Hand Weapons
 a - a +0 hand axe of chaos
 r - a +4 quarterstaff of chaos
 x - a +2 quarterstaff of draining (weapon)
Armour
 b - a +2 leather armour
 f - the +0 leather armour of the Original Sin {rPois Str+3}
   (You found it on level 3 of the Dungeon)

   Str:       It affects your strength (+3).
   rPois:     It protects you from poison.
 h - a +1 pair of gloves of dexterity (worn)
 q - a +0 cloak (worn)
 B - a +0 scale mail
 G - the +0 ring mail "Lygien" {Dex+4}
   (You found it on level 7 of the Dungeon)

   Dex:       It affects your dexterity (+4).
 K - a +1 robe of fire resistance
 M - +0 steam dragon scales (worn)
Jewellery
 d - a +6 ring of strength (right hand)
 k - a +6 ring of intelligence (left hand)
 p - a ring of flight
 u - a ring of ice
 y - a ring of protection from fire
 N - a ring of poison resistance
Wands
 s - a wand of iceblast (4)
 E - a wand of mindburst (5)
 J - a wand of digging (6)
 L - a wand of paralysis (14)
Scrolls
 e - 5 scrolls of noise
 g - a scroll of fear {unknown}
 i - 3 scrolls of teleportation
 m - a scroll of immolation
 o - a scroll of amnesia {unknown}
 t - a scroll of enchant armour {unknown}
 w - a scroll of vulnerability {unknown}
 C - 2 scrolls of magic mapping {unknown}
 H - 2 scrolls of enchant weapon {unknown}
 I - a scroll of fog {unknown}
Potions
 j - 2 potions of attraction
 l - a potion of invisibility
 n - 3 potions of flight
 v - a potion of resistance {unknown}
 z - a potion of degeneration {unknown}
 A - 2 potions of brilliance
 D - a potion of curing {unknown}
Miscellaneous
 c - a piece from Xom's chessboard (15/15)


   Skills:
 * Level 7.7 Fighting
 - Level 4.0 Axes
 + Level 8.9 Staves
 * Level 6.1 Armour
 * Level 6.6 Dodging
 - Level 0.2 Stealth
 * Level 3.8 Spellcasting
 * Level 3.2 Summonings
 - Level 0.1 Evocations


You had 15 spell levels left.
You knew the following spells:

 Your Spells              Type           Power      Damage    Failure   Level
a - Summon Small Mammal   Summ           72%        N/A       7%          1

Your spell library contained the following spells:

 Spells                   Type           Power      Damage    Failure   Level
 Call Canine Familiar     Summ           18%        N/A       17%         3
 Pain                     Necr           16%        1d4       22%         1
 Slow                     Hex            16%        N/A       22%         1
 Confusing Touch          Hex            4%         N/A       52%         3
 Gell's Gravitas          Tloc           4%         N/A       52%         3
 Lesser Beckoning         Tloc           4%         N/A       52%         3
 Teleport Other           Tloc           4%         N/A       52%         3
 Vampiric Draining        Necr           4%         2d6       52%         3
 Summon Ice Beast         Ice/Summ       11%        N/A       71%         4
 Summon Forest            Summ/Tloc      5%         N/A       95%         5
 Summon Mana Viper        Hex/Summ       11%        N/A       95%         5
 Agony                    Necr           4%         N/A       99%         5
 Excruciating Wounds      Necr           2%         N/A       99%         5
 Summon Cactus Giant      Summ           9%         N/A       100%        6
 Haunt                    Necr/Summ      5%         N/A       100%        7
 Monstrous Menagerie      Summ           9%         N/A       100%        7


Dungeon Overview and Level Annotations

Branches:
Dungeon (8/15)             Temple (0/1) D:6            Lair (1/6) D:8

Altars:
Elyvilon
Hepliaklqana
Kikubaaqudgha
Makhleb
Nemelex Xobeh
Vehumet
Xom

Shops:
D:2 (   D:6 (   D:8 (


Innate Abilities, Weirdness & Mutations

You are partially covered in thin metallic scales. (AC +2)
A weak demonic guardian rushes to your aid.
Your demonic aura causes all spilled blood to erupt in flames.
You have a small tail.
You have a pair of small horns on your head.
You are clumsy. (Dex -2)
You are dopey. (Int -2)
You occasionally shout uncontrollably at your foes.
You are weak. (Str -2)
Your spells are a little harder to cast, but a little more powerful.


Message History

You hear a bellow!
Aiming: Iceblast
Press: ? - help, Q - select action, (/) - cycle Shift-Dir - straight line The mass of ice explodes!
The iceblast engulfs the komodo dragon but does no damage.
The komodo dragon is lightly wounded.
Aiming: Iceblast
Press: ? - help, Q - select action, (/) - cycle Shift-Dir - straight line The mass of ice explodes!
The iceblast engulfs the komodo dragon!
The komodo dragon is heavily wounded.
Aiming: Mindburst
Press: ? - help, Q - select action, (/) - cycle Shift-Dir - straight line, f - komodo dragon
Aim: a komodo dragon (heavily wounded, chance to affect: 47%)
The komodo dragon's mind is blasted!
Aiming: Mindburst
Press: ? - help, Q - select action, (/) - cycle Shift-Dir - straight line, f/p - komodo dragon
Aim: a komodo dragon (severely wounded, chance to affect: 47%)
The komodo dragon resists with some effort.
Aiming: Mindburst
Press: ? - help, Q - select action, (/) - cycle Shift-Dir - straight line, f/p - komodo dragon
Aim: a komodo dragon (severely wounded, chance to affect: 47%)
The komodo dragon resists with some effort.
Aiming: Mindburst
Press: ? - help, Q - select action, (/) - cycle Shift-Dir - straight line, f/p - komodo dragon
Aim: a komodo dragon (severely wounded, chance to affect: 47%)
The komodo dragon's mind is blasted!
A yak comes into view. x2
Aiming: Iceblast
Press: ? - help, Q - select action, (/) - cycle Shift-Dir - straight line, f - yak, p - komodo dragon
Aim: a yak (wandering, hasn't noticed you)
The mass of ice explodes!
The iceblast engulfs the yak!
The yak is severely wounded.
The iceblast engulfs the komodo dragon.
The komodo dragon is almost dead.
The iceblast engulfs the yak!
The yak is moderately wounded.
The yak bellows! x2
The komodo dragon bites you!!
You die...
Xom thinks this is hilarious!

#.### ...# ...# #
.. ... .##..
#.##.....
###........
######.........#
#P...../@#.#
#.....##l☼# #.>..
#.Y.#####
......##.Y....##.
.#. #...†.Y......
.. #...........#
# ..#.....##...#
........§§..#.#
#.######P.##....


You could see a komodo dragon and 3 yaks.

Vanquished Creatures
  Pikel (D:7)
  2 cane toads (Lair:1)
  9 yaks (D:6)
  A vampire mosquito (D:6)
  A steam dragon (D:8)
  5 water moccasins
  5 ice beasts
  An orc warrior (D:8)
  5 black bears
  A sky beast (D:6)
  4 ogres
  2 centaurs
  6 wolves (Lair:1)
  A phantom (D:5)
  A lemure (D:7)
  7 bullfrogs
  A gnoll sergeant (D:7)
  A necrophage (D:6)
  2 scorpions
  6 wights
  A howler monkey (D:6)
  3 jellies
  An orc priest (D:8)
  Crazy Yiuf (D:3)
  2 gnoll shamans
  7 hounds
  7 iguanas
  3 orc wizards (D:6)
  12 gnolls
  5 adders
  2 shadow imps (D:6)
  2 ufetubi
  2 worms
  A dart slug (D:1)
  8 orcs
  6 ball pythons
  5 endoplasms
  10 giant cockroaches
  3 goblins (D:3)
  4 hobgoblins
  6 jackals
  6 quokkas
  6 bats
  6 frilled lizards
  14 kobolds
  9 rats
  A bush (D:3)
195 creatures vanquished.

Vanquished Creatures (collateral kills)
  A centaur (D:3)
  An orc (D:3)
  A hobgoblin (D:4)
  A jackal (D:4)
  A ball python (D:2)
5 creatures vanquished.

Vanquished Creatures (others)
  16 fungi
  22 plants
38 creatures vanquished.

Grand Total: 238 creatures vanquished

Notes
Turn   | Place    | Note
-------+----------+-------------------------------------------
     0 | D:1      | KhasaRR the Demonspawn Chaos Knight began the quest for the
                  | Orb.
     0 | D:1      | Reached XP level 1. HP: 18/18 MP: 1/1
   118 | D:1      | XOM: cloud trail
   131 | D:1      | XOM: scenery: summon butterflies
   206 | D:1      | XOM: swap monsters
   263 | D:1      | XOM: give mutations
   263 | D:1      | Gained mutation: You are frail. (-10% HP) [Xom's mischief]
   263 | D:1      | Gained mutation: You are clumsy. (Dex -2) [Xom's mischief]
   263 | D:1      | Gained mutation: Your mind is acute. (Int +2) [Xom's
                  | mischief]
   263 | D:1      | Gained mutation: You are strong-willed. (Will+) [Xom's
                  | mischief]
   280 | D:1      | Reached skill level 1 in Dodging
   281 | D:1      | Gained mutation: A weak demonic guardian rushes to your
                  | aid. [demonic ancestry]
   281 | D:1      | Reached XP level 2. HP: 19/21 MP: 2/2
   324 | D:1      | XOM: 1-stop teleportation journey
   975 | D:1      | Gained mutation: Your demonic aura sometimes causes spilled
                  | blood to erupt in flames. [demonic ancestry]
   975 | D:1      | Reached XP level 3. HP: 24/26 MP: 3/3
  1025 | D:1      | XOM: summons 2 hostile demons
  1260 | D:1      | XOM: give mutation
  1260 | D:1      | Gained mutation: Your body sometimes deteriorates upon
                  | taking damage. [Xom's mischief]
  1325 | D:2      | XOM: scenery: create altars
  1337 | D:2      | Found Lelenar's Antique Weapon Shop.
  1753 | D:2      | Noticed a floating eye
  1759 | D:2      | Found a faded altar of an unknown god.
  1763 | D:2      | Noticed a great orb of eyes
  1763 | D:2      | Noticed a shining eye
  1763 | D:2      | Noticed a golden eye
  1796 | D:2      | XOM: smoke on damage
  2101 | D:3      | Noticed a centaur
  2103 | D:3      | XOM: divination: detect creatures
  2108 | D:3      | XOM: enchant monster (bad)
  2113 | D:3      | Killed a centaur
  2114 | D:3      | Reached XP level 4. HP: 11/31 MP: 4/4
  2434 | D:3      | Identified the +0 leather armour of the Original Sin {rPois
                  | Str+3}
  2467 | D:3      | Reached XP level 5. HP: 31/36 MP: 5/5
  2610 | D:3      | XOM: divination: magic mapping
  2834 | D:3      | XOM: chaos cloud
  2842 | D:3      | Paralysed by you for 2 turns
  3083 | D:3      | Found a runed translucent door.
  3084 | D:3      | Noticed Crazy Yiuf
  3099 | D:3      | Killed Crazy Yiuf
  3621 | D:4      | Found a sparkling altar of Nemelex Xobeh.
  3622 | D:4      | Found a hazy altar of Hepliaklqana.
  3623 | D:4      | Found a radiant altar of Vehumet.
  3623 | D:4      | Found a burning altar of Makhleb.
  3623 | D:4      | Found an ancient bone altar of Kikubaaqudgha.
  3900 | D:4      | Reached skill level 1 in Staves
  3963 | D:4      | XOM: 3-stop teleportation journey
  4039 | D:4      | Gained mutation: You have a small tail. [demonic ancestry]
  4039 | D:4      | Reached XP level 6. HP: 36/43 MP: 6/6
  4392 | D:5      | Entered Level 5 of the Dungeon
  4426 | D:5      | XOM: noise
  4430 | D:5      | Reached skill level 2 in Staves
  4494 | D:5      | Gained mutation: Your demonic aura often causes spilled
                  | blood to erupt in flames. [demonic ancestry]
  4494 | D:5      | Reached XP level 7. HP: 35/47 MP: 7/7
  4499 | D:5      | Reached skill level 3 in Staves
  4547 | D:5      | XOM: give mutations
  4547 | D:5      | Lost mutation: You are strong-willed. (Will+) [Xom's
                  | mischief]
  4547 | D:5      | Lost mutation: Your mind is acute. (Int +2) [Xom's
                  | mischief]
  4735 | D:5      | XOM: 8-stop teleportation journey
  4773 | D:5      | XOM: give mutations
  4773 | D:5      | Lost mutation: Your body sometimes deteriorates upon taking
                  | damage. [Xom's mischief]
  4773 | D:5      | Gained mutation: You are weak. (Str -2) [Xom's mischief]
  4831 | D:5      | Reached skill level 4 in Staves
  5189 | D:5      | Reached skill level 5 in Staves
  5189 | D:5      | Gained mutation: Your demonic aura causes all spilled blood
                  | to erupt in flames. [demonic ancestry]
  5189 | D:5      | Reached XP level 8. HP: 40/54 MP: 8/8
  5305 | D:5      | XOM: noise
  5486 | D:5      | XOM: summons 5 hostile demons
  5673 | D:6      | XOM: stat loss: -1 Str (21/22)
  5712 | D:6      | XOM: 1-stop teleportation journey
  5851 | D:6      | Found a staircase to the Ecumenical Temple.
  6052 | D:6      | Reached skill level 5 in Fighting
  6052 | D:6      | Reached skill level 6 in Staves
  6055 | D:6      | XOM: butterfly on damage
  6056 | D:6      | XOM: swap monsters
  6238 | D:6      | XOM: silly message
  6306 | D:6      | XOM: 2-stop teleportation journey
  6309 | D:6      | XOM: stat loss: -1 Dex (10/11)
  6311 | D:6      | XOM: fog
  6313 | D:6      | Reached skill level 5 in Dodging
  6313 | D:6      | Gained mutation: You are partially covered in thin metallic
                  | scales. (AC +2) [demonic ancestry]
  6313 | D:6      | Reached XP level 9. HP: 61/61 MP: 9/9
  6316 | D:6      | XOM: enchant monster (good)
  6320 | D:6      | Reached skill level 7 in Staves
  6653 | D:6      | Reached skill level 5 in Armour
  6656 | D:6      | XOM: summons friendly white imp
  6674 | D:7      | XOM: divination: magic mapping
  6676 | D:6      | XOM: 2-stop teleportation journey
  6967 | D:6      | XOM: swap monsters
  7027 | D:6      | Found Mipp's Antique Weapon Shop.
  7036 | D:6      | Bought a glowing quarterstaff for 147 gold pieces
  7207 | D:6      | Reached skill level 8 in Staves
  7225 | D:6      | XOM: enchant monster (good)
  7249 | D:6      | Reached skill level 1 in Spellcasting
  7324 | D:6      | Got Fauh's Handbook of the Warped Escort
  7369 | D:6      | Reached XP level 10. HP: 69/69 MP: 11/11
  7376 | D:6      | Learned a level 1 spell: Summon Small Mammal
  7403 | D:6      | XOM: confusion (+ monsters)
  7622 | D:7      | Identified the +0 ring mail "Lygien" {Dex+4}
  7626 | D:7      | XOM: cast spell 'Summon Hydra'
  7650 | D:7      | XOM: give mutations
  7650 | D:7      | Lost mutation: You are frail. (-10% HP) [Xom's grace]
  7650 | D:7      | Gained mutation: Your spells are a little harder to cast,
                  | but a little more powerful. [Xom's grace]
  7752 | D:7      | XOM: cloud trail
  7776 | D:7      | XOM: give mutations
  7776 | D:7      | Gained mutation: You have a pair of small horns on your
                  | head. [Xom's mischief]
  7776 | D:7      | Gained mutation: You are dopey. (Int -2) [Xom's mischief]
  7776 | D:7      | Gained mutation: You occasionally shout uncontrollably at
                  | your foes. [Xom's mischief]
  7810 | D:7      | Noticed Pikel
  7824 | D:7      | Killed Pikel
  7825 | D:7      | Reached skill level 1 in Summonings
  8478 | D:8      | XOM: summons 3 friendly demons
  8710 | D:8      | XOM: confuse monster(s)
  8711 | D:8      | XOM: confuse monster(s)
  8716 | D:8      | Found a staircase to the Lair.
  8811 | D:8      | Found Riesto's Weapon Boutique.
  9068 | D:8      | XOM: divination: detect creatures
  9194 | Lair:1   | Entered Level 1 of the Lair of Beasts
  9206 | Lair:1   | Noticed a cane toad
  9208 | Lair:1   | Noticed a cane toad
  9226 | Lair:1   | XOM: confuse monster(s)
  9228 | Lair:1   | Killed a cane toad
  9230 | Lair:1   | Killed a cane toad
  9240 | Lair:1   | Slain by a komodo dragon

Illustrated notes

Levels and vault maps discovered:
D:1:      giann_wishing_wells, layout_loops_corners
D:2:      layout_loops_ring, serial_shops, shop,
          hellmonk_ecumenical_altar_watching_god
D:3:      layout_loops_ring, lexackson_kobold_supper, uniq_crazy_yiuf_cottage
D:4:      layout_loops_cross, grunt_temple_overflow_open,
          gup_sewer_entry_spiral, uniq_menkaure
D:5:      layout_gridville, grunt_tough_drop
D:6:      kennysheep_windowed_halls, layout_rooms,
          minmay_temple_entry_glassed_door, serial_shops,
          nicolae_shop_hallway_plus
D:7:      layout_gridville, hangedman_decor_clover_reticule, uniq_pikel
D:8:      layout_basic, due_lair_maze_entry_diamond, serial_shops,
          nicolae_diamond_shop
Lair:1:   layout_misc_corridors, grunt_megastairs_5

Skill      XL: |  1  2  3  4  5  6  7  8  9 10 |
---------------+-------------------------------+-----
Axes           | 3 4 |  4.0
Dodging        | 1 2 3 4 5 6 |  6.6
Armour         | 2 3 4 5 6 |  6.1
Staves         | 1 2 5 6 8 |  8.9
Fighting       | 4 5 6 7 |  7.7
Spellcasting   | 1 3 |  3.8
Summonings     | 3 |  3.2
Stealth        | |  0.2
Evocations     | |  0.1

Action                   |  1- 3 |  4- 6 |  7- 9 | 10-12 || total
-------------------------+-------+-------+-------+-------++-------
Melee: Hand axe          |    98 |   107 |       |       ||   205
       Quarterstaff      |       |    70 |   192 |    99 ||   361
       Tailslap          |       |     7 |    16 |    14 ||    37
       Headbutt          |       |       |       |    18 ||    18
 Cast: Summon Small Mamm |       |       |       |    15 ||    15
Evoke: Piece from Xom's  |     2 |     9 |    11 |       ||    22
       Wand              |       |     3 |     8 |    17 ||    28
  Use: Scroll            |     3 |     5 |     2 |     2 ||    12
       Potion            |     1 |     1 |     6 |     3 ||    11
 Stab: Sleeping          |     2 |     1 |     1 |       ||     4
       Petrified         |       |    19 |       |       ||    19
       Confused          |       |     1 |     2 |       ||     3
       Invisible         |       |     1 |       |       ||     1
       Distracted        |       |       |     1 |     2 ||     3
Armor: Leather armour    |    66 |    48 |    65 |    15 ||   194
       Skin              |       |       |    17 |       ||    17
       Steam dragon scal |       |       |       |    12 ||    12
Dodge: Dodged            |    92 |    96 |   126 |    72 ||   386

Table legend: (Time is in decaauts)
 A = Elapsed time spent in this place.
 B = Non-inter-level travel time spent in this place.
 C = Inter-level travel time spent in this place.
 D = Time resting spent in this place.
 E = Time spent auto-exploring this place.
 F = Levels seen in this place.
 G = Mean time per level.
                   A        B        C        D        E       F      G
               +--------+--------+--------+--------+--------+-----+--------+
         Total |   9283 |   8288 |    995 |    725 |   5976 |   9 | 1031.4 |
       Dungeon |   9247 |   8252 |    995 |    725 |   5975 |   8 | 1155.9 |
          Lair |     36 |     36 |      0 |      0 |      1 |   1 |   36.0 |
               +--------+--------+--------+--------+--------+-----+--------+

Top non-repeatable levels by time:
     D:6: 1824 daAuts
     D:1: 1292 daAuts
     D:5: 1288 daAuts
     D:3: 1203 daAuts
     D:4: 1151 daAuts
     D:7: 945 daAuts
     D:2: 818 daAuts
     D:8: 723 daAuts
  Lair:1: 36 daAuts
